 Dungeon Crawl Stone Soup version 0.29-a0-493-g10c3c7b (webtiles) character file.

Game seed: 16965066484083873691

5 Toastz the Grasshopper (level 1, 0/16 HPs)
             Began as a Demonspawn Warper on May 27, 2022.
             Slain by a quokka (4 damage)
             ... on level 1 of the Dungeon.
             The game lasted 00:00:35 (190 turns).

Toastz the Grasshopper (Demonspawn Warper)           Turns: 190, Time: 00:00:36

Health: 0/16       AC:  6    Str: 11    XL:     1   Next: 66%
Magic:  3/3        EV:  9    Int: 14    God:
Gold:   0          SH:  0    Dex: 12    Spells: 4/4 levels left

rFire   . . .      SeeInvis .   a - +0 mace
rCold   . . .      Faith    .   (no shield)
rNeg    . . .      Spirit   .   f - +0 scale mail
rPois   .          Reflect  .   (no helmet)
rElec   .          Harm     .   (no cloak)
rCorr   .          Rampage  .   (no gloves)
Will    .....                   (no boots)
Stlth   ..........              (no amulet)
HPRegen 0.05/turn               (no ring)
MPRegen 0.08/turn               (no ring)

@: no status effects
A: no striking features
a: no special abilities


You were on level 1 of the Dungeon.
You visited 1 branch of the dungeon, and saw 1 of its levels.

Inventory:

Hand Weapons
 a - a +0 mace (weapon)
Missiles
 d - 7 boomerangs of dispersal (quivered)
Armour
 b - a +0 leather armour
 f - a +0 scale mail (worn)
Scrolls
 c - a scroll of blinking
Potions
 e - a potion of curing {unknown}
 g - a potion of cancellation {unknown}
 h - 2 potions of haste {unknown}


   Skills:
 + Level 2.1 Fighting
 * Level 2.1 Maces & Flails
 - Level 0.8 Throwing
 - Level 0.8 Armour
 - Level 1.7 Dodging
 - Level 2.0 Spellcasting
 - Level 2.6 Translocations


You had 4 spell levels left.
You didn't know any spells.
Your spell library contained the following spells:

 Spells                   Type           Power      Damage    Failure   Level
 Blink                    Tloc           16%        N/A       58%         2
 Gell's Gravitas          Tloc           8%         N/A       82%         3
 Lesser Beckoning         Tloc           8%         N/A       82%         3
 Teleport Other           Tloc           8%         N/A       82%         3
 Manifold Assault         Tloc           8%         N/A       100%        5


Dungeon Overview and Level Annotations

Branches:
Dungeon (1/15)

Altars:


Message History

The giant cockroach bites you but does no damage. x2
You barely miss the giant cockroach.
The giant cockroach is heavily wounded.
The giant cockroach bites you.
You hit the giant cockroach.
The giant cockroach is severely wounded.
The giant cockroach barely misses you. x2
You completely miss the giant cockroach.
The giant cockroach is severely wounded.
The giant cockroach bites you but does no damage.
You closely miss the giant cockroach.
The giant cockroach is severely wounded.
The giant cockroach bites you but does no damage.
The giant cockroach bites you.
You barely miss the giant cockroach.
The giant cockroach is heavily wounded.
The giant cockroach bites you but does no damage. x2
You completely miss the giant cockroach.
The giant cockroach is heavily wounded.
The giant cockroach bites you but does no damage.
You barely miss the giant cockroach.
The giant cockroach is heavily wounded.
The giant cockroach closely misses you. x2
You closely miss the giant cockroach.
The giant cockroach is heavily wounded.
The giant cockroach closely misses you.
You hit the giant cockroach.
You kill the giant cockroach!
The quokka bites you.
You barely miss the quokka. The quokka bites you.
You are too injured to fight recklessly!
You are too injured to fight recklessly!
You are too injured to fight recklessly!
You are too injured to fight recklessly!
You closely miss the quokka. The quokka bites you.
The quokka closely misses you.
You closely miss the quokka. The quokka bites you.
* * * LOW HITPOINT WARNING * * *
The quokka bites you.
You die...

# #( ### . ###.#
.####. ###...#
......### #.....#
#....r.######.#.###
#@....##...#
##.#†....###
#.....#.#.#
#....###†#.#
#>..#[# #.#.#
#....#.###.#.#
..#.##.#...#.# ####
###. #...###.# #...
.##. #...# #.#


You could see a quokka.

Vanquished Creatures
  2 bats (D:1)
  2 giant cockroaches (D:1)
  A frilled lizard (D:1)
5 creatures vanquished.

Notes
Turn   | Place    | Note
-------+----------+-------------------------------------------
     0 | D:1      | Toastz the Demonspawn Warper began the quest for the Orb.
     0 | D:1      | Reached XP level 1. HP: 16/16 MP: 3/3
   190 | D:1      | Slain by a quokka

Illustrated notes

Levels and vault maps discovered:
D:1:      evilmike_arrival_home_sweet_home, layout_rooms,
          corexii_leaking_fountain

Skill      XL: |  1 |
---------------+----+-----
Maces & Flails | 2 |  2.1
Fighting       | |  2.1
Throwing       | |  0.8
Armour         | |  0.8
Dodging        | |  1.7
Spellcasting   | |  2.0
Translocations | |  2.6

Action                   || total
-------------------------++-------
Melee: Mace              ||    24
Armor: Scale mail        ||    13
Dodge: Dodged            ||    12

Table legend: (Time is in decaauts)
 A = Elapsed time spent in this place.
 B = Non-inter-level travel time spent in this place.
 C = Inter-level travel time spent in this place.
 D = Time resting spent in this place.
 E = Time spent auto-exploring this place.
 F = Levels seen in this place.
 G = Mean time per level.
                   A        B        C        D        E       F      G
               +--------+--------+--------+--------+--------+-----+--------+
         Total |    197 |    157 |     40 |      0 |     98 |   1 |  197.0 |
       Dungeon |    197 |    157 |     40 |      0 |     98 |   1 |  197.0 |
               +--------+--------+--------+--------+--------+-----+--------+

Top non-repeatable levels by time:
     D:1: 197 daAuts
